 Dungeon Crawl Stone Soup version 0.27-a0-679-g77a6b55cf3 (webtiles) character file.

Game seed: 5307613198078657785

1008 rednaxela the Grappler (level 8, -9/52 (60) HPs)
             Began as a Palentonga Summoner on Mar 18, 2021.
             Was an Initiate of Fedhas.
             Mangled by a wight
             ... wielding a +2 halberd
              (17 damage)
             ... on level 6 of the Dungeon.
             The game lasted 00:21:49 (10085 turns).

rednaxela the Grappler (Palentonga Summoner)       Turns: 10085, Time: 00:21:50

HP:   -9/52 (60)    AC: 14    Str: 13    XL:     8   Next: 1%
MP:   11/11         EV:  4    Int: 15    God:    Fedhas [......]
Gold: 245           SH:  7    Dex: 12    Spells: 10/11 levels left

rFire    . . .     SeeInvis +     - Unarmed
rCold    . . .     Faith    .   u - +0 kite shield
rNeg     . . .     Spirit   .   m - +0 scale mail
rPois    .         Reflect  .   (helmet restricted)
rElec    .         Harm     .   (no cloak)
rCorr    .         Rampage  .   p - +0 pair of gloves
Will     .....                  (no barding)
Stlth    ..........             (no amulet)
HPRegen  0.17/turn              (no ring)
MPRegen  0.12/turn              (no ring)

@: heavily drained, curled up
A: large, rugged brown scales 3, see invisible, deformed body, roll 1, armoured
tail, reflexive curl, horns 1, stinger 1, subdued magic 1
a: Rolling Charge, Renounce Religion


You were on level 6 of the Dungeon.
You worshipped Fedhas.
Fedhas was noncommittal.
You visited 1 branch of the dungeon, and saw 6 of its levels.

You collected 245 gold pieces.

Inventory:

Missiles
 b - 166 stones
 t - 12 poisoned darts
Armour
 m - a +0 scale mail (worn)
   (You found it on level 3 of the Dungeon)
 p - a +0 pair of gloves (worn)
   (You found it on level 4 of the Dungeon)
 u - a +0 kite shield (worn)
   (You took it off a gnoll sergeant on level 5 of the Dungeon)
Magical Staves
 j - a staff of air
   (You found it on level 1 of the Dungeon)
Scrolls
 e - a scroll of amnesia
 f - 3 scrolls of teleportation {@r3 !r}
 h - a scroll of fear {!r}
 k - 2 scrolls of fog {!r}
 l - a scroll of immolation
 q - a scroll of enchant weapon {unknown}
 r - a scroll of acquirement {unknown}
Potions
 a - a potion of invisibility {unknown}
 c - a potion of mutation
 d - 2 potions of heal wounds {@q2 !q}
 g - 2 potions of lignification {@q5}
 i - a potion of magic {!q}
 n - a potion of haste {unknown}
 o - 3 potions of curing {unknown}
 s - a potion of cancellation {unknown}


   Skills:
 - Level 1.6 Dodging
 - Level 1.2 Stealth
 + Level 1.4 Shields
 + Level 8.9 Unarmed Combat
 - Level 2.0 Spellcasting
 - Level 3.2 Summonings


You had 10 spell levels left.
You knew the following spells:

 Your Spells              Type           Power      Damage    Failure   Level
a - Summon Small Mammal   Summ           32%        N/A       80%         1

Your spell library contained the following spells:

 Spells                   Type           Power      Damage    Failure   Level
 Call Imp                 Summ           8%         N/A       90%         2
 Call Canine Familiar     Summ           8%         N/A       99%         3
 Summon Guardian Golem    Hex/Summ       4%         N/A       100%        3
 Summon Ice Beast         Ice/Summ       4%         N/A       100%        4
 Summon Lightning Spire   Summ/Air       4%         N/A       100%        4


Dungeon Overview and Level Annotations

Branches:
Dungeon (6/15)
 Temple: D:4-7

Altars:
Elyvilon
Fedhas
Kikubaaqudgha

Shops:
D:1 (

Annotations:
D:4 Blork the orc
D:5 Pikel


Innate Abilities, Weirdness & Mutations

You are completely covered in rugged brown scales. (AC +3, +7% HP)
You have supernaturally acute eyesight. (SInv)
Armour fits poorly on your strangely shaped body.
You can roll at nearby foes to attack.
You have a long armoured tail.
You curl defensively after being hit.
You have a pair of small horns on your head.
Your tail ends in a poisonous barb.
Your spells are a little easier to cast, but a little less powerful.


Message History

The wight hits you with a +3 short sword.
* * * LOW HITPOINT WARNING * * *
You hit the wight.
You destroy the wight!
Your Shields skill increases to level 1!
You start resting.
HP restored.
Things that are here:
a +3 short sword; a +0 robe A wight comes into view.
It is wielding a +4 dagger.
Things that are here:
a +3 short sword; a +0 robe Roll where?
Press: ? - help, Dir - move target, f - wight
Aim: a wight, wielding a +4 dagger and wearing a +0 robe You roll forward with a clatter of scales!
You punch the wight! Your headbutt misses the wight. You tail-slap the wight.
You destroy the wight!
Your life force feels restored.
You start resting.
A wight comes into view. It is wielding a +4 trident.
A wight comes into view. It is wielding a +2 halberd.
Things that are here:
a +4 dagger; a +0 robe
Things that are here:
a +3 short sword; a +0 robe Roll where?
Press: ? - help, Dir - move target, f - wight
Aim: a wight, wielding a +4 trident and wearing a +0 robe You roll forward with a clatter of scales!
You punch the wight!
The wight is severely damaged.
A wight comes into view. It is wielding a +1 morningstar.
The wight hits you with a +4 trident.
You feel drained.
You punch the wight!
You destroy the wight!
The wight hits you from afar with a +2 halberd.
You feel drained.
You have reached level 8!
You feel agile.
Roll where?
Press: ? - help, Dir - move target, f - wight
Aim: a wight, wielding a +2 halberd and wearing a +0 robe You roll forward with a clatter of scales!
You hit the wight but do no damage. Your headbutt misses the wight.
The wight hits you with a +2 halberd.
You feel drained.
You closely miss the wight. You block the wight's attack.
You completely miss the wight.
You headbutt the wight, but do no damage.
The wight hits you with a +2 halberd!
* * * LOW HITPOINT WARNING * * *
You feel drained.
* * * LOW HITPOINT WARNING * * *
Your shield prevents you from hitting the wight.
The wight hits you with a +2 halberd!
* * * LOW HITPOINT WARNING * * *
You completely miss the wight. Your headbutt misses the wight.
Things that are here:
a +3 short sword; a +0 robe
There is an open door here.
There is an open door here.
A worker ant comes into view.
You punch the worker ant!
The worker ant is heavily wounded.
You block the worker ant's attack. The wight hits you but does no damage.
The worker ant bites you but does no damage.
The worker ant bites you but does no damage.
The worker ant bites you.
* * * LOW HITPOINT WARNING * * *
The worker ant bites you.
* * * LOW HITPOINT WARNING * * *
Found 11 gold pieces.
The worker ant bites you.
* * * LOW HITPOINT WARNING * * *
Throw: 15 darts (poison)
Press: ? - help, Shift-Dir - straight line, f - worker ant
Aim: a worker ant (heavily wounded, 54% to hit)
You throw a poisoned dart.
The poisoned dart closely misses the worker ant.
You block the worker ant's attack.
Throw: 14 darts (poison)
Press: ? - help, Shift-Dir - straight line, f/p - worker ant
Aim: a worker ant (heavily wounded, 54% to hit)
You throw a poisoned dart.
The poisoned dart barely misses the worker ant.
The worker ant bites you but does no damage.
You block the worker ant's attack.
The wight hits you from afar with a +2 halberd!!
* * * LOW HITPOINT WARNING * * *
You feel drained.
* * * LOW HITPOINT WARNING * * *
Throw: 13 darts (poison)
Press: ? - help, Shift-Dir - straight line, f/p - worker ant
Aim: a worker ant (heavily wounded, 56% to hit)
You throw a poisoned dart.
The poisoned dart barely misses the worker ant.
The worker ant bites you but does no damage.
The wight hits you from afar with a +2 halberd!
You die...
Fedhas appreciates your contribution to the ecosystem.

#......# #....# #......#
#..... #......# #.....
#......# #.$... #......#
##..... #......#
#......###......#
........##......########
#@##z............. .
#B##z.....########
....#zz#......#
...............#
#######.#.#....#
...#...##.###
##.##..##.#
##.........#####
...............#


You could see a worker ant and 2 wights.

Vanquished Creatures
  Eustachio (D:3)
  Menkaure (D:4)
  A lemure (D:5)
  A gnoll sergeant (D:5)
  3 wights (D:6)
  A howler monkey (D:4)
  A bullfrog zombie (D:5)
  A jelly (D:4)
  An orc priest (D:5)
  An orc wizard (D:5)
  An iguana (D:4)
  6 worker ants
  Robin (D:2)
  5 gnolls
  6 adders
  A white imp (D:5)
  An ooze (D:2)
  2 adder skeletons (D:5)
  A worm (D:2)
  3 dart slugs
  4 leopard geckos
  14 orcs
  3 giant cockroaches
  9 hobgoblins
  7 jackals (D:5)
  A quokka (D:4)
  A ball python (D:2)
  5 bats
  4 frilled lizards
  9 goblins
  A hobgoblin zombie (D:5)
  6 kobolds
  A quokka skeleton (D:4)
  3 rats
107 creatures vanquished.

Vanquished Creatures (collateral kills)
  A goblin (D:2)
  2 kobolds (D:1)
3 creatures vanquished.

Grand Total: 110 creatures vanquished

Notes
Turn   | Place    | Note
-------+----------+-------------------------------------------
     0 | D:1      | rednaxela the Palentonga Summoner began the quest for the
                  | Orb.
     0 | D:1      | Reached XP level 1. HP: 14/14 MP: 3/3
   295 | D:2      | Reached skill level 1 in Unarmed Combat
   646 | D:1      | Reached XP level 2. HP: 20/21 MP: 3/5
   661 | D:1      | Found Samimna's Weapon Shop.
  1043 | D:1      | Reached skill level 2 in Unarmed Combat
  1687 | D:2      | Noticed Robin
  1690 | D:2      | Gained mutation: You have a pair of small horns on your
                  | head. [potion of mutation]
  1690 | D:2      | Gained mutation: Your spells are a little easier to cast,
                  | but a little less powerful. [potion of mutation]
  1690 | D:2      | Gained mutation: Your tail ends in a poisonous barb.
                  | [potion of mutation]
  1705 | D:2      | Reached XP level 3. HP: 16/27 MP: 6/6
  1714 | D:2      | Killed Robin
  2218 | D:2      | Reached skill level 3 in Unarmed Combat
  2246 | D:2      | Reached XP level 4. HP: 20/35 MP: 7/7
  2817 | D:4      | Reached skill level 4 in Unarmed Combat
  2820 | D:4      | Noticed Blork the orc
  3814 | D:3      | Reached XP level 5. HP: 30/40 MP: 8/8
  4604 | D:4      | Reached skill level 5 in Unarmed Combat
  4661 | D:4      | Noticed Eustachio
  4666 | D:5      | Entered Level 5 of the Dungeon
  4848 | D:5      | Found a blossoming altar of Fedhas.
  4901 | D:5      | HP: 2/40 [poisoned by a worker ant]
  5232 | D:5      | Reached XP level 6. HP: 37/48 MP: 9/9
  5390 | D:5      | Reached skill level 6 in Unarmed Combat
  5414 | D:5      | Found a sand-covered staircase.
  5777 | D:4      | Found a white marble altar of Elyvilon.
  5870 | D:5      | Became a worshipper of Fedhas Madash
  6316 | D:5      | Noticed Pikel
  7543 | D:3      | Killed Eustachio
  7544 | D:3      | Reached skill level 7 in Unarmed Combat
  7544 | D:3      | Gained mutation: You curl defensively after being hit.
                  | [Palentonga growth]
  7544 | D:3      | Reached XP level 7. HP: 27/53 MP: 10/10
  7860 | D:4      | Noticed Menkaure
  7877 | D:4      | Killed Menkaure
  7878 | D:4      | Reached skill level 8 in Unarmed Combat
  8454 | D:4      | Found an ancient bone altar of Kikubaaqudgha.
  9843 | D:6      | Reached skill level 1 in Shields
 10043 | D:6      | Reached XP level 8. HP: 46/58 MP: 11/11
 10085 | D:6      | Mangled by a wight

Illustrated notes

Levels and vault maps discovered:
D:1:      lemuel_arrival_broad_hall, layout_rooms, serial_shops, shop_statue
D:2:      layout_basic, uniq_robin
D:3:      layout_loops_cross, hex_large
D:4:      minmay_recursive_quarters, layout_basic,
          nicolae_overflow_hidden_temple, lemuel_zombie_altar_kikubaaqudgha,
          uniq_menkaure, uniq_blork_the_orc, uniq_eustachio
D:5:      layout_basic, enter_ossuary_3, basic_altar,
          chequers_serial_rivers_small_a, uniq_pikel
D:6:      layout_basic, makhleb_grotto_becter, kennysheep_mini,
          nicolae_hepliaklqana_monster_ancestors, minmay_temple_entry_offerings,
          kennysheep_generic_room_11, uniq_crazy_yiuf_cottage

Skill      XL: |  1  2  3  4  5  6  7 |
---------------+----------------------+-----
Unarmed Combat | 1 2 3 4 5 7 8 |  8.9
Shields        | 1 |  1.4
Dodging        | |  1.6
Stealth        | |  1.2
Spellcasting   | |  2.0
Summonings     | |  3.2

Action                   |  1- 3 |  4- 6 |  7- 9 || total
-------------------------+-------+-------+-------++-------
Melee: Unarmed           |    93 |   241 |   105 ||   439
       Tailslap          |    15 |    24 |    12 ||    51
       Headbutt          |     5 |    30 |    17 ||    52
       Punch             |       |     2 |       ||     2
Throw: Dart              |       |       |     3 ||     3
 Cast: Summon Small Mamm |    10 |     1 |       ||    11
 Abil: Rolling Charge    |       |    19 |     3 ||    22
  Use: Potion            |     5 |     1 |     1 ||     7
       Scroll            |       |     8 |     1 ||     9
Armor: Robe              |    31 |     8 |       ||    39
       Scale mail        |       |    66 |    26 ||    92
Dodge: Dodged            |    50 |    74 |    24 ||   148
Block: Kite shield       |       |       |    20 ||    20

Table legend: (Time is in decaauts)
 A = Elapsed time spent in this place.
 B = Non-inter-level travel time spent in this place.
 C = Inter-level travel time spent in this place.
 D = Time resting spent in this place.
 E = Time spent auto-exploring this place.
 F = Levels seen in this place.
 G = Mean time per level.
                   A        B        C        D        E       F      G
               +--------+--------+--------+--------+--------+-----+--------+
         Total |  10080 |   9764 |    316 |   4362 |   3747 |   6 | 1680.0 |
       Dungeon |  10080 |   9764 |    316 |   4362 |   3747 |   6 | 1680.0 |
               +--------+--------+--------+--------+--------+-----+--------+

Top non-repeatable levels by time:
     D:5: 2720 daAuts
     D:3: 2644 daAuts
     D:2: 1900 daAuts
     D:4: 1461 daAuts
     D:1: 890 daAuts
     D:6: 462 daAuts
